 Dungeon Crawl Stone Soup version 0.19.5 (webtiles) character file.

198 empire the Grave Robber (level 5, -1/38 HPs)
             Began as a Mummy Necromancer on Mar 7, 2017.
             Was an Initiate of Gozag.
             Slain by a phantom (3 damage)
             ... on level 4 of the Dungeon.
             The game lasted 00:10:37 (5059 turns).

empire the Grave Robber (Mummy Necromancer)         Turns: 5059, Time: 00:10:38

Health: -1/38      AC:  9    Str: 11    XL:     5   Next: 47%
Magic:  8/8        EV:  5    Int: 15    God:    Gozag
Gold:   342        SH:  0    Dex: 13    Spells: 2 memorised, 4 levels left

rFire  x . .     SeeInvis .     a - +4 flail
rCold  + . .     Gourm    .     f - +0 chain mail (curse)
rNeg   + + +     Faith    .     (no shield)
rPois  ∞         Spirit   .     (no helmet)
rElec  .         Reflect  .     (no cloak)
rCorr  +         Harm     .     i - +0 pair of gloves
MR     .....                    (no boots)
Stlth  ..........               (no amulet)
                                (no ring)
                                d - ring of resist corrosion

@: no status effects
A: no food or potions, fire vulnerability, cold resistance 1, negative energy
resistance 3, torment resistance, unbreathing
a: Potion Petition, Call Merchant, Bribe Branch, Renounce Religion


You were on level 4 of the Dungeon.
You worshipped Gozag.
Gozag was aware of your devotion.
You were not hungry.

You visited 1 branch of the dungeon, and saw 4 of its levels.

You collected 376 gold pieces.
You paid 34 gold pieces to Gozag.

Inventory:

Hand Weapons
 a - a +4 flail (weapon)
 b - a +0 morningstar
Armour
 f - a cursed +0 chain mail (worn)
 i - a +0 pair of gloves (worn)
Jewellery
 d - a ring of resist corrosion (left hand)
Scrolls
 c - a scroll of remove curse
 g - 3 scrolls of identify
 h - 4 scrolls of teleportation
 l - a scroll of fear {unknown}
 m - a scroll of amnesia
Books
 j - a book of Necromancy

   Spells                             Type                      Level
   a - Pain                           Necromancy                   1
   b - Animate Skeleton               Necromancy                   1
   c - Vampiric Draining              Necromancy                   3
   d - Regeneration                   Charms/Necromancy            3
   e - Animate Dead                   Necromancy                   4
   f - Control Undead                 Necromancy                   4


   Skills:
 - Level 2.1 Fighting
 + Level 1.7 Maces & Flails
 - Level 3.0 Dodging
 - Level 1.5 Stealth
 - Level 2.0 Spellcasting
 - Level 4.8 Necromancy


You had 4 spell levels left.
You knew the following spells:

 Your Spells              Type           Power        Failure   Level  Hunger
a - Pain                  Necr           ###.         99%         1    N/A
c - Vampiric Draining     Necr           ###.......   100%        3    N/A

Dungeon Overview and Level Annotations

Branches:
Dungeon (4/15)
 Temple: D:4-7

Altars:
Gozag
Sif Muna

Annotations:
D:3 Santreim's ghost, amateur HuMo
D:4 Grinder


Innate Abilities, Weirdness & Mutations

You do not eat or drink.
Your flesh is vulnerable to fire.
You are immune to poison.
Your flesh is cold resistant. (rC+)
You are immune to negative energy. (rN+++)
You are immune to unholy pain and torment.
You can survive without breathing.


Message History

You sock Grinder!
Grinder is almost dead.
The phantom blinks!
Grinder blinks!
Grinder says, "Wait up."
The phantom blinks!
Grinder hits you but does no damage.
You closely miss Grinder.
Grinder is almost dead.
Grinder hits you.
You closely miss Grinder.
Grinder is almost dead.
Grinder hits you.
* * * LOW HITPOINT WARNING * * *
The phantom hits you but does no damage.
You hit Grinder.
Grinder is almost dead.
Grinder hits you!
* * * LOW HITPOINT WARNING * * *
The phantom hits you.
You die...
Your body crumbles into a pile of gold.

...# ..... #...# #.....
##....##....#
##...........#.
...?........#..
.##.............
.......W5.........#....#
.......@..............(.
........................
........................
........................
........................
........................
?.......................
........................
........................


You could see Grinder and a phantom.

Vanquished Creatures
  A centaur skeleton (D:4)
  A worker ant (D:4)
  4 adders
  An adder skeleton (D:4)
  2 worms (D:2)
  3 dart slugs (D:1)
  5 leopard geckos
  9 orcs
  4 ball pythons
  4 bats
  4 giant cockroaches
  4 goblins
  7 hobgoblins
  5 jackals
  4 kobolds
  A quokka (D:3)
  2 frilled lizards
  12 rats
73 creatures vanquished.

Vanquished Creatures (collateral kills)
  An ooze (D:1)
  A giant cockroach (D:2)
2 creatures vanquished.

Grand Total: 75 creatures vanquished

Notes
Turn   | Place    | Note
-------+----------+-------------------------------------------
     0 | D:1      | empire the Mummy Necromancer began the quest for the Orb.
     0 | D:1      | Reached XP level 1. HP: 13/13 MP: 3/3
   349 | D:1      | Learned a level 1 spell: Animate Skeleton
   577 | D:1      | Reached skill level 1 in Fighting
   632 | D:1      | Reached XP level 2. HP: 21/21 MP: 0/5
  1402 | D:1      | Reached XP level 3. HP: 25/26 MP: 2/6
  1940 | D:1      | Learned a level 3 spell: Vampiric Draining
  2810 | D:2      | Reached XP level 4. HP: 24/33 MP: 1/7
  3145 | D:2      | Found a deep blue altar of Sif Muna.
  3145 | D:2      | Found an opulent altar of Gozag.
  3151 | D:2      | Became a worshipper of Gozag Ym Sagoz the Greedy
  3487 | D:3      | Noticed Santreim's ghost (amateur HuMo)
  4423 | D:4      | Reached XP level 5. HP: 31/38 MP: 8/8
  4631 | D:4      | Reached skill level 1 in Maces & Flails
  5006 | D:4      | Noticed Grinder
  5026 | D:4      | Paralysed by Grinder for 2 turns
  5031 | D:4      | Paralysed by Grinder for 4 turns
  5046 | D:4      | Noticed a phantom
  5059 | D:4      | Slain by a phantom

Skill      XL: |  1  2  3  4  5 |
---------------+----------------+-----
Fighting       | 1 2 |  2.1
Dodging        | 2 3 |  3.0
Maces & Flails | 1 |  1.7
Stealth        | |  1.5
Spellcasting   | |  2.0
Necromancy     | |  4.8

Action                   |  1- 3 |  4- 6 || total
-------------------------+-------+-------++-------
Melee: Club              |    28 |       ||    28
       Unarmed           |     1 |       ||     1
       Short sword       |    49 |    19 ||    68
       Flail             |       |    45 ||    45
 Cast: Pain              |    61 |    58 ||   119
       Animate Skeleton  |     7 |       ||     7
  Use: Scroll            |       |     7 ||     7
 Stab: Sleeping          |     3 |     1 ||     4
Armor: Robe              |    16 |     7 ||    23
       Chain mail        |       |    40 ||    40
Dodge: Dodged            |    91 |    60 ||   151
